 Dungeon Crawl Stone Soup version 0.18-a0-1195-g77a4f03 (webtiles) character file.

25 Lathuz the Chopper (level 2, 0/26 HPs)
             Began as a Minotaur Berserker on Jan 29, 2016.
             Was a Follower of Trog.
             Slain by a gnoll
             ... wielding a +0 halberd
              (16 damage)
             ... on level 1 of the Dungeon.
             The game lasted 00:02:18 (597 turns).

Lathuz the Chopper (Minotaur Berserker)              Turns: 597, Time: 00:02:18

Health: 0/26       AC:  3    Str: 21    XL:     2   Next: 82%
Magic:  1/1        EV: 12    Int:  4    God:    Trog [*.....]
Gold:   72         SH:  0    Dex:  9    Spells: 0 memorised, 1 level left

rFire  . . .     SeeInvis .     a - +0 hand axe
rCold  . . .     Gourm    .     e - +0 leather armour
rNeg   . . .     Faith    .     (no shield)
rPois  .         Spirit   .     (helmet restricted)
rElec  .         Dismiss  .     (no cloak)
rCorr  .         Reflect  .     (no gloves)
SustAt .         Harm     .     (no boots)
MR     .....                    (no amulet)
Stlth  +.........               (no ring)
                                (no ring)

@: not resistant to hostile enchantments, very unstealthy
A: retaliatory headbutt, horns 2
a: Berserk, Burn Spellbooks, Renounce Religion


You were on level 1 of the Dungeon.
You worshipped Trog.
Trog was aware of your devotion.
You were not hungry.

You visited 1 branch of the dungeon, and saw 1 of its levels.

You collected 72 gold pieces.

Inventory:

Hand Weapons
 a - a +0 hand axe (weapon)
Missiles
 k - 21 stones (quivered)
Armour
 e - a +0 leather armour (worn)
Scrolls
 d - a scroll of enchant weapon {unknown}
 g - 2 scrolls of blinking {unknown}
 i - a scroll of teleportation {unknown}
 j - a scroll of random uselessness {unknown}
 n - a scroll of remove curse {unknown}
Potions
 b - a potion of heal wounds {unknown}
 m - a potion of curing {unknown}
Comestibles
 c - 2 bread rations
 f - a meat ration
 h - a beef jerky
 l - a slice of pizza


   Skills:
 - Level 3.6 Fighting
 + Level 5.0 Axes
 - Level 2.4 Armour
 - Level 2.1 Dodging


You had one spell level left.
You didn't know any spells.

Dungeon Overview and Level Annotations

Branches:
Dungeon (1/15)

Altars:


Innate Abilities, Weirdness & Mutations

You reflexively headbutt those who attack you in melee.
You have a pair of horns on your head.


Message History

Aim: a gnoll, wielding a halberd You throw a stone.
The stone hits the gnoll.
The gnoll is lightly wounded.
Throwing (i - inventory):
k - 23 stones (quivered)
Press: ? - help, Shift-Dir - straight line, f/p - gnoll
Aim: a gnoll, wielding a halberd (lightly wounded)
You throw a stone. The stone hits the gnoll.
The gnoll is moderately wounded.
Throwing (i - inventory):
k - 22 stones (quivered)
Press: ? - help, Shift-Dir - straight line, f/p - gnoll
Aim: a gnoll, wielding a halberd (moderately wounded)
You throw a stone. The stone hits the gnoll.
The gnoll is moderately wounded.
The gnoll barely misses you. The gnoll hits you with a halberd!
You slash the gnoll! Your headbutt misses the gnoll.
The gnoll is almost dead.
The gnoll hits you with a halberd!
Ouch! That really hurt!
You die...

#..........##...#.#
##...........##..#.##
######..#.....##..##......
.......#.......##.......##
.....[##..................
.............).......(..#
...........)........(...#
......##...........(....#
......##....>..)@g......#########
.)....##.........................
......##.........................
......###.....÷..................
......# ##.....##.....#..........
.###### ##.##.#####..##..........
.....####..##.####...............
...........#..............÷......
###...........###..........[†....


You could see a gnoll.

Vanquished Creatures
  An ooze (D:1)
  A giant gecko (D:1)
  5 bats (D:1)
  2 goblins (D:1)
  2 hobgoblins (D:1)
  3 giant newts (D:1)
  4 kobolds (D:1)
  2 rats (D:1)
20 creatures vanquished.

Notes
Turn   | Place    | Note
--------------------------------------------------------------
     0 | D:1      | Lathuz the Minotaur Berserker began the quest for the Orb.
     0 | D:1      | Reached XP level 1. HP: 19/19 MP: 0/0
    54 | D:1      | Reached skill level 4 in Axes
   152 | D:1      | Reached XP level 2. HP: 24/26 MP: 1/1
   490 | D:1      | Reached skill level 5 in Axes
   597 | D:1      | Slain by a gnoll

Vault maps used:
D:1:      dpeg_arrival_shelter

Action                   || total
-------------------------++-------
Melee: Hand axe          ||    32
Throw: Stone             ||    21
